 Dungeon Crawl Stone Soup version 0.26-a0-1213-gd52f5182fe (webtiles) character file.

Game seed: 1754571074263163487

114 DocSulfur the Changer (level 4, 0/32 HPs)
             Began as a Merfolk Transmuter on Dec 30, 2020.
             Killed by divine providence
             ... invoked by an orc priest
              (9 damage)
             ... on level 3 of the Dungeon.
             The game lasted 00:10:35 (2907 turns).

DocSulfur the Changer (Merfolk Transmuter)          Turns: 2907, Time: 00:10:36

Health: 0/32       AC:  6    Str: 11    XL:     4   Next: 97%
Magic:  7/8        EV: 13    Int: 12    God:
Gold:   238        SH:  0    Dex: 20    Spells: 6/9 levels left

rFire    . . .     SeeInvis .     - Unarmed
rCold    . . .     Faith    .   (no shield)
rNeg     . . .     Spirit   .   m - +3 leather armour
rPois    .         Reflect  .   (helmet currently unavailable)
rElec    .         Harm     .   (no cloak)
rCorr    .         Rampage  .   (no gloves)
Will     .....                  (boots currently unavailable)
Stlth    +.........             (no amulet)
HPRegen  0.10/turn              c - +6 ring of dexterity
MPRegen  0.11/turn              (no ring)

@: appendages
A: change form in water, swift swim, stealthy swim, horns 2
a: End Transformation


You were on level 3 of the Dungeon.
You had grown temporary horns.
You visited 1 branch of the dungeon, and saw 3 of its levels.

You collected 238 gold pieces.

Inventory:

Hand Weapons
 f - a +1 hunting sling
Missiles
 g - 30 sling bullets
 h - 93 stones
 k - 9 poisoned darts
Armour
 a - a +0 robe
 m - a +3 leather armour (worn)
Jewellery
 c - a +6 ring of dexterity (left hand)
 l - an uncursed ring of fire
Scrolls
 b - a scroll of enchant weapon
 i - 2 scrolls of teleportation {unknown}
 n - a scroll of magic mapping {unknown}
Potions
 d - 4 potions of flight
 e - a potion of curing
 j - a potion of cancellation
 o - a potion of heal wounds {unknown}


   Skills:
 - Level 1.1 Fighting
 - Level 2.6 Dodging
 + Level 3.9 Unarmed Combat
 * Level 3.2 Spellcasting
 * Level 4.6 Transmutations


You had 6 spell levels left.
You knew the following spells:

 Your Spells              Type           Power        Failure   Level
a - Beastly Appendage     Tmut           26%          4%          1
b - Wereblood             Tmut           13%          7%          2

Your spell library contained the following spells:

 Spells                   Type           Power        Failure   Level
 Spider Form              Tmut/Pois      3%           36%         3
 Ice Form                 Ice/Tmut       7%           77%         4
 Blade Hands              Tmut           6%           78%         5


Dungeon Overview and Level Annotations

Branches:
Dungeon (3/15)

Altars:

Annotations:
D:3 1 runed translucent door, 2 transporters, Crazy Yiuf; MatrixGlitch's ghost, amateur DrFE


Innate Abilities, Weirdness & Mutations

You revert to your normal form in water.
You are very nimble and swift while swimming.
You are very stealthy in the water. (Stealth+)
You have a pair of horns on your head.


Message History

You closely miss the orc wizard. Your headbutt misses the orc wizard.
The orc wizard is severely wounded.
The orc wizard hits you but does no damage.
You hit the orc wizard.
You kill the orc wizard!
The orc priest miscasts a cantrip.
The orc priest hits you but does no damage.
The orc hits you but does no damage.
Items here: )) [ †.
Your horns disappear.
The orc priest calls down the wrath of Beogh upon you.
Pain shoots through your body!
* * * LOW HITPOINT WARNING * * *
You see here a hobgoblin corpse.
Casting: Beastly Appendage (safe; 4% risk of failure)
Confirm with . or Enter, or press ? or * to list all spells.
You grow a pair of large bovine horns.
The orc priest calls down the wrath of Beogh upon you.
Beogh smites you!
You die...

#.# #.#
o.#####.#######
#...>.....o.oo+
#.##.# ##.##.# #
#...o.#
#.##.##########
#...oo@.......#+####
####.###...........#
#.###...........#
#...+...........+
#####...†.......#
#...........#
#...........####
#...............
#...........####


You could see an orc priest and an orc.

Vanquished Creatures
  An orc wizard (D:3)
  2 adders
  An ooze (D:3)
  2 worms (D:2)
  2 orcs (D:3)
  A ball python (D:3)
  4 giant cockroaches
  6 goblins
  9 hobgoblins
  3 jackals (D:2)
  2 quokkas
  8 bats
  6 frilled lizards
  5 kobolds
  7 rats
59 creatures vanquished.

Notes
Turn   | Place    | Note
-------+----------+-------------------------------------------
     0 | D:1      | DocSulfur the Merfolk Transmuter began the quest for the
                  | Orb.
     0 | D:1      | Reached XP level 1. HP: 15/15 MP: 3/3
   130 | D:1      | Reached skill level 3 in Transmutations
   430 | D:1      | Reached XP level 2. HP: 21/21 MP: 1/5
  1066 | D:2      | Reached XP level 3. HP: 24/26 MP: 4/6
  1325 | D:2      | Noticed an ogre
  1682 | D:2      | Reached skill level 4 in Transmutations
  2125 | D:2      | Learned a level 2 spell: Wereblood
  2391 | D:3      | Reached XP level 4. HP: 32/32 MP: 8/8
  2684 | D:3      | Found a runed translucent door.
  2685 | D:3      | Noticed Crazy Yiuf
  2815 | D:3      | Found a transporter.
  2815 | D:3      | Noticed MatrixGlitch's ghost (amateur DrFE)
  2816 | D:3      | Found a transporter.
  2817 | D:3      | Identified the +8 great mace "Alutridee" {spect, Dex+6}
  2817 | D:3      | Noticed an ogre
  2818 | D:3      | Identified the +8 great mace "Alutridee" {spect, Dex+6}
  2907 | D:3      | Killed from afar by an orc priest

Illustrated notes

Levels and vault maps discovered:
D:1:      minmay_arrival_five_plusses, layout_loops_corners
D:2:      minmay_diamond_boxcup, layout_basic, fountainhead,
          grunt_decor_arrowhead
D:3:      layout_basic, gammafunk_ghost_smash, uniq_crazy_yiuf_cottage

Skill      XL: |  1  2  3  4 |
---------------+-------------+-----
Transmutations | 3 4 |  4.6
Spellcasting   | 3 |  3.2
Fighting       | |  1.1
Dodging        | |  2.6
Unarmed Combat | |  3.9

Action                   |  1- 3 |  4- 6 || total
-------------------------+-------+-------++-------
Melee: Unarmed           |   103 |    48 ||   151
       Headbutt          |    22 |    14 ||    36
       Punch             |     1 |     1 ||     2
 Cast: Beastly Appendage |    30 |    15 ||    45
  Use: Scroll            |     6 |       ||     6
 Stab: Sleeping          |     2 |     1 ||     3
Armor: Robe              |    30 |       ||    30
       Leather armour    |     6 |    12 ||    18
Dodge: Dodged            |   101 |    18 ||   119

Table legend: (Time is in decaauts)
 A = Elapsed time spent in this place.
 B = Non-inter-level travel time spent in this place.
 C = Inter-level travel time spent in this place.
 D = Time resting spent in this place.
 E = Time spent auto-exploring this place.
 F = Levels seen in this place.
 G = Mean time per level.
                   A        B        C        D        E       F      G
               +--------+--------+--------+--------+--------+-----+--------+
         Total |   2896 |   2699 |    197 |    242 |   1450 |   3 |  965.3 |
       Dungeon |   2896 |   2699 |    197 |    242 |   1450 |   3 |  965.3 |
               +--------+--------+--------+--------+--------+-----+--------+

Top non-repeatable levels by time:
     D:1: 1305 daAuts
     D:2: 988 daAuts
     D:3: 603 daAuts
